 Dungeon Crawl Stone Soup version 0.21.1-1-g345015fe64 (webtiles) character file.

75 Ludini the Slasher (level 4, -4/35 HPs)
             Began as a Formicid Fighter on Feb 25, 2018.
             Killed by divine providence
             ... invoked by an orc priest
              (13 damage)
             ... on level 3 of the Dungeon.
             The game lasted 00:03:28 (1778 turns).

Ludini the Slasher (Formicid Fighter)               Turns: 1778, Time: 00:03:28

Health: -4/35      AC:  8    Str: 21    XL:     4   Next: 55%
Magic:  4/4        EV:  7    Int:  8    God:
Gold:   91         SH:  9    Dex: 10    Spells: 3/3 levels left

rFire    . . .     SeeInvis +   a - +0 long sword
rCold    . . .     Gourm    .   c - +0 shield
rNeg     . . .     Faith    .   b - +0 scale mail
rPois    .         Spirit   .   (helmet unavailable)
rElec    .         Reflect  .   (no cloak)
rCorr    .         Harm     .   n - +0 pair of gloves
MR       .....                  (no boots)
Stlth    ..........             (no amulet)
HPRegen  0.11/turn              (no ring)
MPRegen  0.09/turn              (no ring)

@: no status effects
A: permanent stasis, dig shafts and tunnels, four strong arms, antennae 3
a: Dig, Shaft Self


You were on level 3 of the Dungeon.
You were not hungry.

You visited 1 branch of the dungeon, and saw 3 of its levels.

You collected 91 gold pieces.

Inventory:

Hand Weapons
 a - a +0 long sword (weapon)
Armour
 b - a +0 scale mail (worn)
 c - a +0 shield (worn)
 n - a +0 pair of gloves (worn)
Scrolls
 e - a scroll of teleportation {unknown}
 h - 6 scrolls of identify {unknown}
 k - 3 scrolls of enchant weapon {unknown}
 l - a scroll of remove curse {unknown}
Potions
 d - a potion of might
 g - a potion of degeneration {unknown}
 i - a potion of ambrosia
 j - a potion of curing {unknown}
 m - a potion of invisibility {unknown}
Comestibles
 f - 5 rations


   Skills:
 - Level 3.2 Fighting
 + Level 4.4 Long Blades
 - Level 3.2 Armour
 - Level 3.6 Shields


You had 3 spell levels left.
You didn't know any spells.

Dungeon Overview and Level Annotations

Branches:
Dungeon (3/15)

Altars:
Kikubaaqudgha
Yredelemnul


Innate Abilities, Weirdness & Mutations

You cannot be hasted, slowed, berserked, paralysed or teleported.
You can dig through walls and to a lower floor.
Your four strong arms can wield two-handed weapons with a shield.
You have a pair of large antennae on your head. (SInv)


Message History

You block the jackal's attack. You block the orc priest's attack.
You hit the orc priest.
The orc priest is almost dead.
The jackal bites you but does no damage.
The orc closely misses you.
The orc priest calls down the wrath of Beogh upon you.
Beogh smites you! You block the jackal's attack.
You closely miss the orc priest.
The orc priest is almost dead.
You block the orc's attack. The jackal closely misses you.
You block the orc's attack.
The orc priest hits you with a morningstar.
* * * LOW HITPOINT WARNING * * *
You block the orc's attack. The jackal barely misses you.
You hit the orc priest.
The orc priest is almost dead.
The orc hits you but does no damage.
The orc priest calls down the wrath of Beogh upon you.
Beogh smites you!
You die...

### #.#
##.#############
#.............h#####...
##.#####......o@o....#
#.............o#######
#............#......o.
##.##.##.#.......#####
#.##.##.#.......#
####.##.#.......#
#.##.........#
#.####.......# #.#
#........+


You could see an orc priest, 2 orcs and a jackal.

Vanquished Creatures
  An adder (D:2)
  3 gnolls (D:2)
  An ooze (D:1)
  A worm (D:2)
  A giant cockroach (D:1)
  3 goblins (D:1)
  A hobgoblin (D:1)
  A jackal (D:2)
  4 kobolds
  8 bats
  4 frilled lizards
  5 rats
  A spectral orc (D:2)
34 creatures vanquished.

Notes
Turn   | Place    | Note
-------+----------+-------------------------------------------
     0 | D:1      | Ludini the Formicid Fighter began the quest for the Orb.
     0 | D:1      | Reached XP level 1. HP: 18/18 MP: 1/1
   105 | D:1      | Reached XP level 2. HP: 24/24 MP: 2/2
   276 | D:1      | Reached skill level 3 in Long Blades
   415 | D:1      | Reached XP level 3. HP: 24/29 MP: 3/3
  1028 | D:2      | Reached skill level 4 in Long Blades
  1028 | D:2      | Reached XP level 4. HP: 3/35 MP: 4/4
  1552 | D:2      | Found a basalt altar of Yredelemnul.
  1627 | D:2      | Found an ancient bone altar of Kikubaaqudgha.
  1778 | D:3      | Killed from afar by an orc priest

Skill      XL: |  1  2  3 |
---------------+----------+-----
Long Blades    | 3 4 |  4.4
Fighting       | |  3.2
Armour         | |  3.2
Shields        | |  3.6

Action                   |  1- 3 |  4- 6 || total
-------------------------+-------+-------++-------
Melee: Long sword        |    78 |    42 ||   120
  Use: Potion            |     3 |       ||     3
  Eat: Chunk             |       |     3 ||     3
Armor: Scale mail        |    42 |    17 ||    59
Dodge: Dodged            |    19 |    13 ||    32
Block: Shield            |    41 |    34 ||    75
       Rpst.: Long sword |     7 |     4 ||    11
